 Dungeon Crawl Stone Soup version 0.25-b1-37-g2669288c55 (webtiles) character file.

Game seed: 15872315266832793636

8688 gruber the Tainter (level 11, 0/54 HPs)
             Began as a Gargoyle Venom Mage on June 5, 2020.
             Was a Believer of Vehumet.
             Slain by a troll (3 damage)
             ... on level 11 of the Dungeon.
             The game lasted 00:21:32 (12574 turns).

gruber the Tainter (Gargoyle Venom Mage)           Turns: 12574, Time: 00:21:33

Health: 0/54       AC: 22    Str: 18    XL:     11   Next: 34%
Magic:  0/25       EV: 12    Int: 19    God:    Vehumet [**....]
Gold:   464        SH:  0    Dex: 10    Spells: 18/31 levels left

rFire    . . .     SeeInvis .   F - +2 trident (protect)
rCold    . . .     Gourm    .   (no shield)
rNeg     + . .     Faith    .   w - +0 robe {MR+}
rPois    ∞         Spirit   +   s - +0 helmet
rElec    +         Reflect  .   B - +0 cloak
rCorr    +         Harm     .   i - +2 pair of gloves
MR       +....                  (no boots)
Stlth    ++........             N - amulet of guardian spirit
HPRegen  0.18/turn              a - ring of resist corrosion
MPRegen  0.19/turn              K - +6 ring of strength

@: protection aura
A: negative energy resistance 1, electricity resistance, unbreathing,
petrification resistance, rot immunity, AC +8
a: Renounce Religion


You were on level 11 of the Dungeon.
You worshipped Vehumet.
Vehumet was pleased with you.
You were hungry.

You visited 2 branches of the dungeon, and saw 12 of its levels.
You also visited: Sewer.

You collected 464 gold pieces.

Inventory:

Hand Weapons
 v - a +1 whip of flaming
 F - a +2 trident of protection (weapon)
 G - a +1 flail of holy wrath
Missiles
 n - 7 curare-tipped darts (quivered)
Armour
 i - a +2 pair of gloves (worn)
 s - a +0 helmet (worn)
 w - a +0 robe of magic resistance (worn)
 B - a +0 cloak (worn)
Jewellery
 a - a ring of resist corrosion (left hand)
 j - an uncursed ring of ice
 D - an uncursed ring of flight
 K - a +6 ring of strength (right hand)
 N - an amulet of guardian spirit (around neck)
Wands
 q - a wand of random effects (56)
 J - a wand of enslavement (5)
Scrolls
 b - a scroll of magic mapping {unknown}
 d - 2 scrolls of enchant armour {unknown}
 e - 3 scrolls of enchant weapon {unknown}
 g - 16 scrolls of identify {unknown}
 h - 5 scrolls of teleportation {unknown}
 k - 3 scrolls of fog {unknown}
 t - a scroll of amnesia {unknown}
 y - a scroll of blinking {unknown}
 z - 8 scrolls of remove curse {unknown}
 E - 2 scrolls of acquirement {unknown}
 I - a scroll of noise {unknown}
 L - a scroll of fear {unknown}
Potions
 f - a potion of resistance {unknown}
 l - 11 potions of curing {unknown}
 m - 3 potions of flight {unknown}
 o - 5 potions of stabbing {unknown}
 p - 6 potions of heal wounds {unknown}
 r - 4 potions of invisibility {unknown}
 u - a potion of cancellation {unknown}
 x - a potion of degeneration {unknown}
 A - a potion of mutation {unknown}
 C - 2 potions of lignification {unknown}
 H - 2 potions of brilliance {unknown}
Comestibles
 c - 30 rations


   Skills:
   Level 0.8 Short Blades
 - Level 1.5 Dodging
 - Level 2.1 Stealth
 * Level 10.6 Spellcasting
 - Level 3.0 Conjurations
 - Level 1.0 Transmutations
 - Level 0.2 Fire Magic
 - Level 3.3 Air Magic
 - Level 12.0 Poison Magic


You had 18 spell levels left.
You knew the following spells:

 Your Spells              Type           Power        Failure   Level  Hunger
a - Sting                 Tmut/Pois      ####         1%          1    None
b - Poisonous Vapours     Pois/Air       #####.       1%          2    None
c - Mephitic Cloud        Conj/Pois/Air  ####....     1%          3    None
d - Olgreb's Toxic Radia  Pois           ######..     1%          4    ##.....
e - Ignite Poison         Fire/Tmut/Pois ####....     3%          3    None

Your spell library contained the following spells:

 Spells                   Type           Power        Failure   Level  Hunger
 Foxfire                  Conj/Fire      ###.         3%          1    None


Dungeon Overview and Level Annotations

Branches:
Dungeon (11/15)            Temple (1/1) D:5            Lair (0/6) D:10
  Sewer (visited)
    Orc: D:9-12

Altars:
Ashenzari
Cheibriados
Dithmenos
Elyvilon
Fedhas
Gozag
Hepliaklqana
Kikubaaqudgha
Makhleb
Nemelex Xobeh
Okawaru
Qazlal
Ru
Sif Muna
Trog
Uskayaw
Vehumet
Wu Jian
Xom
Yredelemnul
Zin
The Shining One

Shops:
D:5 [:%

Annotations:
D:9 exclusion: orange crystal statue
D:11 Harold


Innate Abilities, Weirdness & Mutations

You are resistant to torment.
Your stone body is resilient. (AC +8)
You are immune to poison.
You resist negative energy. (rN+)
You are resistant to electric shocks. (rElec)
You can survive without breathing.
You are immune to petrification.
You are immune to rotting.


Message History

Unknown command.
You hit the phantom.
Your weapon exudes an aura of protection.
The phantom is almost destroyed.
The phantom hits you but does no damage.
The orc hits you but does no damage. The troll barely misses you.
The troll closely misses you. The troll claws you.
* * * LOW HITPOINT WARNING * * *
Harold shouts, "Can you die now?
I had plans for the rest of the day!"
Harold hits you with a +0 long sword.
* * * LOW HITPOINT WARNING * * *
The phantom barely misses you.
Unknown command.
Unknown command.
Unknown command.
You puncture the phantom!
You destroy the phantom!
Vehumet accepts your kill.
You feel your power returning. The orc misses you. The troll bites you.
You die...

#. .. #. ### #. #.. #.
#.# #. #.#
##.#########.##
##.#.5o@.........#
.......T@#######..###.#
.......J## #.........#
###..#)## #.###.#.###
#..). #.# #.#.# ##t#.
#.# #.#.# ...#. #.#
#.#.# ### .. #.###.#.#
#.......#


You could see Harold, a troll, a crocodile, a jelly, a crimson imp and an orc.

Vanquished Creatures
  A hydra (D:8)
  Pikel (D:4)
  4 trolls
  A hornet (D:9)
  A hippogriff (D:8)
  2 dream sheep (D:8)
  6 yaks
  A hungry ghost (D:8)
  A water moccasin (D:10)
  Duvessa (D:5)
  An ice beast (D:8)
  An eye of draining (D:10)
  An orc warrior (D:11)
  3 phantoms
  2 black bears
  2 necrophages
  3 ogres
  2 wolves (D:10)
  6 centaurs
  5 big kobolds
  2 bullfrogs
  Dowan (D:5)
  5 scorpions
  7 killer bees
  A howler monkey (D:6)
  An electric eel (D:10)
  2 centaur zombies
  2 bullfrog zombies
  7 hounds
  3 orc priests
  2 bullfrog skeletons
  3 centaur skeletons
  7 orc wizards
  3 iguanas
  Ijyb (D:4)
  9 worker ants
  A worker ant zombie (D:3)
  7 adders
  3 river rats (D:3)
  A shadow imp (D:9)
  4 oozes
  An adder zombie (D:7)
  An adder skeleton (D:8)
  A worm (D:4)
  4 dart slugs
  20 orcs
  10 giant cockroaches
  5 goblins
  4 hobgoblins
  5 jackals
  2 quokkas (D:10)
  3 ball pythons
  9 bats
  8 frilled lizards
  19 kobolds
  A quokka skeleton (D:8)
  A quokka zombie (D:9)
  13 rats
224 creatures vanquished.

Vanquished Creatures (others)
  An ogre (D:4)
  A frilled lizard (D:4)
2 creatures vanquished.

Grand Total: 226 creatures vanquished

Notes
Turn   | Place    | Note
-------+----------+-------------------------------------------
     0 | D:1      | gruber the Gargoyle Venom Mage began the quest for the Orb.
     0 | D:1      | Reached XP level 1. HP: 10/10 MP: 3/3
   409 | D:1      | Reached skill level 1 in Transmutations
   409 | D:1      | Reached XP level 2. HP: 15/15 MP: 1/5
   603 | D:1      | Learned a level 2 spell: Poisonous Vapours
   927 | D:1      | Reached skill level 4 in Poison Magic
   927 | D:1      | Reached XP level 3. HP: 19/19 MP: 2/6
  1341 | D:2      | Learned a level 3 spell: Mephitic Cloud
  1521 | D:2      | Reached XP level 4. HP: 24/24 MP: 5/7
  1908 | D:2      | Found a blossoming altar of Fedhas.
  1910 | D:2      | Found an ancient bone altar of Kikubaaqudgha.
  2202 | D:2      | Found a shimmering blue altar of Sif Muna.
  2443 | D:3      | Reached skill level 5 in Poison Magic
  2464 | D:3      | Found a glowing drain.
  2491 | D:3      | Reached XP level 5. HP: 26/28 MP: 0/8
  2524 | Sewer    | Entered a sewer
  2769 | Sewer    | Noticed a big kobold
  2791 | Sewer    | Killed a big kobold
  2791 | Sewer    | Reached skill level 6 in Poison Magic
  3080 | Sewer    | Reached skill level 1 in Conjurations
  3121 | Sewer    | Reached XP level 6. HP: 32/32 MP: 7/9
  4164 | D:4      | Noticed a slave
  4165 | D:4      | Noticed a slave
  4166 | D:4      | Noticed Pikel
  4170 | D:4      | Noticed a slave
  4172 | D:4      | Noticed a slave
  4177 | D:4      | Killed Pikel
  4177 | D:4      | Reached skill level 5 in Spellcasting
  4177 | D:4      | Reached XP level 7. HP: 22/36 MP: 2/15
  4325 | D:4      | Noticed Ijyb
  4332 | D:4      | Killed Ijyb
  4410 | D:4      | Reached XP level 8. HP: 41/41 MP: 11/16
  5077 | D:4      | Found a stormy altar of Qazlal.
  5218 | D:5      | Entered Level 5 of the Dungeon
  5402 | D:5      | Found a hide-covered altar of Uskayaw.
  5410 | D:5      | Noticed Dowan
  5411 | D:5      | Found Wiuqav's Antique Armour Emporium.
  5413 | D:5      | Noticed Duvessa
  5430 | D:5      | Killed Duvessa
  5430 | D:5      | Reached skill level 1 in Air Magic
  5436 | D:5      | Killed Dowan
  5788 | D:5      | Found Daukeos's Book Shop.
  5797 | D:5      | Found Ydwi's Food Boutique.
  6048 | D:5      | Reached skill level 7 in Poison Magic
  6100 | D:5      | Found a sacrificial altar of Ru.
  6362 | D:5      | Found a staircase to the Ecumenical Temple.
  6370 | Temple   | Entered the Ecumenical Temple
  6562 | Temple   | Became a worshipper of Vehumet
  6671 | D:6      | Found a basalt altar of Yredelemnul.
  7158 | D:6      | Reached XP level 9. HP: 45/45 MP: 18/18
  7575 | D:7      | Reached skill level 8 in Poison Magic
  8176 | D:7      | Learned a level 4 spell: Olgreb's Toxic Radiance
  8180 | D:7      | Learned a level 3 spell: Ignite Poison
  8523 | D:8      | Reached skill level 9 in Poison Magic
  9156 | D:8      | Found a shadowy altar of Dithmenos.
  9196 | D:8      | Reached skill level 10 in Poison Magic
  9209 | D:8      | Reached skill level 11 in Poison Magic
  9216 | D:8      | Reached XP level 10. HP: 47/50 MP: 2/19
  9346 | D:8      | Noticed a two-headed hydra
  9354 | D:8      | Killed a two-headed hydra
  9356 | D:8      | Reached skill level 12 in Poison Magic
 10041 | D:9      | Reached * piety under Vehumet
 10041 | D:9      | Offered knowledge of Shock by Vehumet.
 10648 | D:9      | Found a shadowy altar of Dithmenos.
 10670 | D:9      | Found an opulent altar of Gozag.
 10773 | D:9      | Noticed an orange crystal statue
 10897 | D:10     | Entered Level 10 of the Dungeon
 10909 | D:10     | Reached XP level 11. HP: 41/54 MP: 8/24
 10916 | D:10     | Offered knowledge of Foxfire by Vehumet.
 11040 | D:10     | Found a staircase to the Lair.
 11081 | D:10     | Reached ** piety under Vehumet
 11366 | D:10     | Reached skill level 10 in Spellcasting
 11483 | D:10     | Found a sacrificial altar of Ru.
 12564 | D:11     | Noticed Harold
 12573 | D:11     | HP: 2/54 [Harold/+0 long sword (1)]
 12574 | D:11     | Slain by a troll

Illustrated notes

Levels and vault maps discovered:
D:1:      giann_horns, layout_basic, minivault_27
D:2:      layout_basic, grunt_temple_overflow_growth_and_decay, led_sif_pool,
          corexii_hall_statues_s
D:3:      layout_basic, portal_sewer_entry_e, first_ration, eino_tiny_chamber
D:4:      layout_loops_ring, lemuel_doored_altar, minivault_19, uniq_pikel,
          uniq_ijyb
D:5:      layout_basic, hangedman_ru_absence, nicolae_overflow_hidden_temple,
          minmay_temple_entry_glassed_door, serial_shops, shop_statue, shop,
          shop_statue, uniq_duvessa
D:6:      layout_basic, kennysheep_mini_moat
D:7:      layout_basic
D:8:      layout_loops_ring, hangedman_ranch [blue_anna_fruit_fields],
          nicolae_dithmenos_shadow_blocks
D:9:      layout_basic, overflow_temple_1_default, grunt_gozag_statues,
          minivault_16
D:10:     layout_loops_ring, erik_lair_island, basic_altar
D:11:     layout_loops_corners, serial_shops, kennysheep_little_box,
          minmay_guarded_unrand_resistance, uniq_harold
Temple:   nicolae_temple_figure_eight

Skill      XL: |  1  2  3  4  5  6  7  8  9 10 11 |
---------------+----------------------------------+-----
Transmutations | 1 |  1.0
Poison Magic   | 4 5 6 7 11 12 | 12.0
Conjurations   | 1 3 |  3.0
Spellcasting   | 5 6 9 10 | 10.6
Air Magic      | 3 |  3.3
Short Blades   | |  0.8
Dodging        | |  1.5
Stealth        | |  2.1
Fire Magic     | |  0.2

Action                   |  1- 3 |  4- 6 |  7- 9 | 10-12 || total
-------------------------+-------+-------+-------+-------++-------
Melee: Short sword       |    43 |   116 |       |       ||   159
       Whip              |       |       |    64 |       ||    64
       Trident           |       |       |   134 |   166 ||   300
Throw: Dart              |       |     3 |       |       ||     3
 Cast: Sting             |    44 |    52 |    75 |    14 ||   185
       Poisonous Vapours |       |    28 |    63 |     4 ||    95
       Olgreb's Toxic Ra |       |       |    11 |    33 ||    44
       Mephitic Cloud    |       |       |     1 |    18 ||    19
       Ignite Poison     |       |       |     1 |     8 ||     9
 Stab: Sleeping          |       |     2 |     1 |     1 ||     4
       Confused          |       |       |       |     1 ||     1
  Eat: Chunk             |     3 |    10 |    14 |    15 ||    42
       Ration            |       |       |     1 |       ||     1
Armor: Robe              |    23 |    44 |   118 |   132 ||   317
Dodge: Dodged            |    28 |    97 |   121 |   132 ||   378
